 Dungeon Crawl Stone Soup version 0.18-a0-1764-gf4ddf0b (webtiles) character file.

39151 M4edhros the Geomancer (level 14, -3/195 HPs)
             Began as an Ogre Wanderer on Apr 13, 2016.
             Was a High Priest of Dithmenos.
             Slain by a blink frog (12 damage)
             ... on level 5 of the Lair of Beasts.
             The game lasted 01:30:04 (22436 turns).

M4edhros the Geomancer (Ogre Wanderer)             Turns: 22436, Time: 01:30:05

Health: -3/195     AC: 31    Str: 26    XL:     14   Next: 5%
Magic:  22/28      EV: 13    Int: 19    God:    Dithmenos [*****.]
Gold:   463        SH:  0    Dex: 13    Spells: 5 memorised, 6 levels left

rFire  . . .     SeeInvis .     K - +7 war axe "Nefuilat" {chop, MR+}
rCold  + . .     Gourm    +     (armour currently unavailable)
rNeg   + . .     Faith    .     (no shield)
rPois  ∞         Spirit   .     C - +2 hat
rElec  +         Dismiss  .     o - +2 cloak
rCorr  .         Reflect  .     (gloves unavailable)
SustAt .         Harm     .     (boots unavailable)
MR     ++...                    E - amulet of the gourmand
Stlth  ++++......               B - +5 ring of intelligence
                                Y - ring "Zuopuawk" {rPois rC+ MP+9 Str+3}

@: statue-form, wreathed by umbra, studying Axes, very slow, very resistant to
hostile enchantments, stealthy
A: unfitting armour, talons 1, rugged brown scales 1, thin skeletal structure 1,
blink, robust 1, slow regeneration 1, strong 2, (tough skin 0), wild magic 1
a: End Transformation, Blink, Shadow Step, Shadow Form, Renounce Religion


You were on level 5 of the Lair of Beasts.
You worshipped Dithmenos.
Dithmenos was extremely pleased with you.
You were very hungry.
You were a stone statue.
You visited 3 branches of the dungeon, and saw 16 of its levels.

You collected 1008 gold pieces.
You spent 545 gold pieces at shops.

Inventory:

Hand Weapons
 u - a +0 blowgun
 H - a +0 giant spiked club
 K - the +7 war axe "Nefuilat" (weapon) {chop, MR+}
   (You found it on level 6 of the Dungeon)

   It inflicts extra damage upon your enemies.
   It affects your resistance to hostile enchantments.
Missiles
 h - 174 sling bullets
 v - 56 poisoned needles
 y - 486 stones (quivered)
 N - 3 throwing nets
 R - 12 tomahawks
Armour
 o - a +2 cloak (worn)
 C - a +2 hat (worn)
 D - a +1 steam dragon armour (melded)
Magical Staves
 G - an uncursed staff of power
Jewellery
 B - a +5 ring of intelligence (right hand)
 E - an amulet of the gourmand (around neck)
 T - a +4 ring of protection
 Y - the ring "Zuopuawk" (left hand) {rPois rC+ MP+9 Str+3}
   (You bought it in a shop on level 6 of the Dungeon)

   [ring of protection from cold]

   It affects your strength (+3).
   It protects you from cold.
   It protects you from poison.
   It affects your magic capacity (+9).
Wands
 c - a wand of slowing (39/48)
 k - a wand of enslavement (0/24)
 F - a wand of iceblast (2/15)
 Q - a wand of enslavement (0/24)
 S - a wand of iceblast (9/15)
 X - a wand of lightning (0/15)
 Z - a wand of iceblast (6/15)
Scrolls
 d - 2 scrolls of magic mapping
 g - a scroll of noise {unknown}
 j - 2 scrolls of blinking {unknown}
 l - 3 scrolls of recharging
 A - a scroll of remove curse
 I - 2 scrolls of fog {unknown}
 V - a scroll of teleportation
 W - 2 scrolls of enchant weapon {unknown}
Potions
 a - 2 potions of curing
 n - 4 potions of brilliance
 q - a potion of agility
 t - a potion of heal wounds
 w - a potion of might
 z - 4 potions of cancellation
 J - 2 potions of haste
 L - a potion of ambrosia {unknown}
 U - 2 potions of flight {unknown}
Books
 b - the Incunabulum of the Mountains

   Spells                             Type                      Level
   a - Sandblast                      Earth                        1
   b - Stone Arrow                    Conjuration/Earth            3
 e - a book of Spatial Translocations

   Spells                             Type                      Level
   a - Apportation                    Translocation                1
   b - Blink                          Translocation                2
   c - Shroud of Golubria             Charms/Translocation         2
   d - Portal Projectile              Translocation                3
   e - Teleport Other                 Translocation                3
   f - Passage of Golubria            Translocation                4
 p - a book of Cantrips

   Spells                             Type                      Level
   a - Corona                         Hexes                        1
   b - Animate Skeleton               Necromancy                   1
   c - Summon Small Mammal            Summoning                    1
   d - Apportation                    Translocation                1
 r - a manual of Axes
 s - a book of Death

   Spells                             Type                      Level
   a - Corpse Rot                     Necromancy                   2
   b - Sublimation of Blood           Necromancy                   2
   c - Agony                          Necromancy                   5
   d - Dispel Undead                  Necromancy                   5
   e - Excruciating Wounds            Charms/Necromancy            5
   f - Bolt of Draining               Conjuration/Necromancy       5
 M - Sif Muna's Disquisition on Evil Transformation
   (You found it on level 8 of the Dungeon)

   Spells                             Type                      Level
   a - Ice Form                       Ice/Transmutation            4
   b - Control Undead                 Necromancy                   4
   c - Cigotuvi's Embrace             Necromancy                   5
   d - Statue Form                    Transmutation/Earth          6
Comestibles
 f - 7 bread rations
 i - 3 beef jerkies
 m - 48 fruits
 x - 5 meat rations
 O - 2 slices of pizza


   Skills:
 - Level 7.4 Fighting
 - Level 2.1(2.6) Axes
   Level 3.0(3.6) Polearms
 * Level 7.3 Dodging
 - Level 5.1 Stealth
   Level 1.0 Shields
 - Level 3.6 Spellcasting
 - Level 4.2 Conjurations
 * Level 8.8 Transmutations
 * Level 13.1 Earth Magic


You had 6 spell levels left.
You knew the following spells:

 Your Spells              Type           Power        Failure   Level  Hunger
a - Sandblast             Erth           ######       1%          1    None
b - Stone Arrow           Conj/Erth      #####.       2%          3    ###....
c - Statue Form           Trmt/Erth      ######...    36%         6    #######
d - Shroud of Golubria    Chrm/Tloc      #.........   32%         2    ##.....
e - Blink                 Tloc           N/A          32%         2    ##.....


Dungeon Overview and Level Annotations

Branches:
Dungeon (10/15)            Temple (1/1) D:7            Lair (5/8) D:8
 Spider (0/4) Lair:3
  Swamp: Lair:3-6    Shoals: Lair:3-6       Orc: D:9-12

Altars:
Ashenzari
Cheibriados
Dithmenos
Elyvilon
Fedhas
Gozag
Kikubaaqudgha
Makhleb
Nemelex Xobeh
Okawaru
Pakellas
Qazlal
Ru
Sif Muna
Trog
Vehumet
Xom
Yredelemnul
Zin
The Shining One

Shops:
D:6 =   D:8 *   D:10 (??!


Innate Abilities, Weirdness & Mutations

You are too large for most types of armour.
((You have tough skin (AC +1).))
You have sharp toenails.
(You are partially covered in rugged brown scales (AC +1, +3% HP).)
You have a somewhat thin skeletal structure (Dex +2, Stealth).
You can translocate small distances at will.
You are robust (+10% HP).
You regenerate slowly when monsters are visible.
Your muscles are very strong. (Str +4)
Your spells are a little harder to cast, but a little more powerful.


Message History

Okay, then.
Evoke which item? (* to show all) (? for menu, Esc to quit)
Okay, then.
Casting: Statue Form
Confirm with . or Enter, or press ? or * to list all spells.
Okay, then.
Casting: Statue Form
Confirm with . or Enter, or press ? or * to list all spells.
The spell is very dangerous to cast!
Continue anyway?
You turn into a living statue of rough stone.
Your +1 steam dragon armour melds into your body.
You are feeling very hungry.
The blink frog hits you.
* * * LOW HITPOINT WARNING * * *
You closely miss the blink frog. Your kick misses the blink frog.
The blink frog is moderately wounded.
The blink frog hits you!
* * * LOW HITPOINT WARNING * * *
The blink frog blinks! x2; The blink frog hits you!
You die...

####...## #.......#
##.....## ####...##.#
#.....## ## ##....#
#.....# .#..#.### ###
........########8### .
......PP#..##..F#§.##..F.
...............)..†......
....).........F..........
........................<
....................§....
.#..#...#.#..#..####.....
.#########.###### .....
## ### .....


You could see 2 blink frogs.

Vanquished Creatures
  Nessos (Lair:5)
  Harold (Lair:4)
  3 hydras
  Nergalle (Lair:3)
  3 hill giants
  An orb spider (Lair:3)
  A cyclops (D:8)
  2 griffons (Lair:4)
  An ugly thing (D:8)
  A manticore (Lair:4)
  Maurice (D:9)
  4 elephants (Lair:4)
  4 black mambas
  A torpor snail (Lair:5)
  9 spiny frogs
  3 rime drakes
  7 komodo dragons
  2 trolls (D:8)
  A slime creature (D:8)
  8 blink frogs
  An air elemental (D:10)
  A water elemental (D:10)
  8 wyverns
  36 yaks
  17 hippogriffs
  A fire elemental (D:10)
  A steam dragon (D:9)
  5 basilisks
  2 hungry ghosts (D:8)
  Menkaure (D:7)
  9 water moccasins
  A hell hound (Lair:4)
  15 porcupines
  4 orc warriors
  3 sky beasts
  2 wasps
  A necrophage (D:7)
  6 ice beasts
  2 phantoms
  A black bear (Lair:2)
  6 wolves (Lair:2)
  6 ogres
  6 centaurs
  12 crocodiles
  2 big kobolds
  5 giant frogs
  4 scorpions
  7 killer bees
  9 wights (D:8)
  4 howler monkeys
  The ghost of Galixin the Charmwright, a weakling HESk (D:3)
  An electric eel (Lair:2)
  3 giant frog zombies
  3 crimson imps
  4 jellies
  2 orc priests (D:9)
  3 hounds
  2 giant frog skeletons (D:5)
  8 orc wizards
  7 iguanas
  Natasha (thrice) (D:2)
  11 worker ants
  18 sheep
  4 hound zombies
  A hound skeleton (D:5)
  A howler monkey zombie (D:6)
  2 worker ant zombies (D:5)
  11 river rats
  13 adders
  An adder zombie (D:6)
  2 adder skeletons
  2 worms (D:2)
  3 dart slugs (D:1)
  10 giant geckos
  36 orcs
  7 bats
  4 giant cockroaches
  6 goblins
  8 hobgoblins
  7 jackals
  11 kobolds
  8 quokkas
  A giant gecko skeleton (D:5)
  A giant gecko zombie (D:5)
  6 giant newts
  11 rats
455 creatures vanquished.

Vanquished Creatures (collateral kills)
  A rime drake (Lair:4)
1 creature vanquished.

Vanquished Creatures (others)
  2 rime drakes (Lair:4)
  A yak (Lair:1)
  A basilisk (Lair:4)
  3 bushes (D:8)
  9 fungi
  13 plants
29 creatures vanquished.

Grand Total: 485 creatures vanquished

Notes
Turn   | Place    | Note
--------------------------------------------------------------
     0 | D:1      | M4edhros the Ogre Wanderer began the quest for the Orb.
     0 | D:1      | M4edhros set off with: a +2 spear, the Incunabulum of the Mountains, a scroll of teleportation, a +0 robe, a bread ration
     0 | D:1      | Reached XP level 1. HP: 16/16 MP: 5/5
     0 | D:1      | Identified the Incunabulum of the Mountains
     2 | D:1      | Learned a level 1 spell: Sandblast
    44 | D:1      | Reached skill level 1 in Fighting
    95 | D:1      | Reached XP level 2. HP: 23/27 MP: 6/6
   218 | D:1      | Reached skill level 1 in Earth Magic
   580 | D:1      | Reached XP level 3. HP: 34/35 MP: 8/8
   844 | D:2      | Noticed Natasha
   849 | D:2      | Killed Natasha
   929 | D:2      | Reached XP level 4. HP: 32/44 MP: 9/9
   933 | D:2      | Found a shimmering altar of Xom.
  1565 | D:3      | Noticed Galixin's ghost (weakling HESk)
  1582 | D:2      | Learned a level 3 spell: Stone Arrow
  1859 | D:2      | Noticed Natasha
  2002 | D:2      | Killed Natasha
  2158 | D:2      | Reached skill level 2 in Earth Magic
  2294 | D:2      | Noticed Natasha
  2369 | D:2      | Gained mutation: Your muscles are strong. (Str +2) [potion of mutation]
  2369 | D:2      | Gained mutation: Your muscles are very strong. (Str +4) [potion of mutation]
  2369 | D:2      | Gained mutation: You expend magic power (3 MP) to strengthen your wands. [potion of mutation]
  2376 | D:2      | Killed Natasha
  2376 | D:2      | Reached skill level 1 in Conjurations
  2376 | D:2      | Reached XP level 5. HP: 6/53 MP: 8/10
  2417 | D:2      | Reached skill level 9 in Earth Magic
  2417 | D:2      | Reached XP level 6. HP: 18/61 MP: 11/11
  3244 | D:3      | Killed Galixin's ghost
  4153 | D:4      | Reached XP level 7. HP: 62/67 MP: 5/12
  4432 | D:4      | Found an oddly glowing altar of Pakellas.
  4549 | D:5      | Entered Level 5 of the Dungeon
  4844 | D:5      | Found an iron altar of Okawaru.
  5270 | D:5      | Found a stormy altar of Qazlal.
  5373 | D:5      | Reached XP level 8. HP: 69/75 MP: 3/13
  5851 | D:6      | Gained mutation: You can translocate small distances at will. [potion of mutation]
  5851 | D:6      | Lost mutation: You can translocate small distances at will. [potion of mutation]
  5851 | D:6      | Gained mutation: You have sharp toenails. [potion of mutation]
  5897 | D:6      | Found Loupt's Jewellery Emporium.
  6278 | D:6      | Found a bloodstained altar of Trog.
  6577 | D:6      | Got a shimmering war axe
  6812 | D:7      | Identified the +7 war axe "Nefuilat" {chop, MR+} (You found it on level 6 of the Dungeon)
  6912 | D:7      | Noticed Menkaure
  6921 | D:7      | Killed Menkaure
  6941 | D:7      | Reached skill level 10 in Earth Magic
  6999 | D:7      | Found a burning altar of Makhleb.
  7021 | D:7      | Found a staircase to the Ecumenical Temple.
  7070 | D:7      | Reached XP level 9. HP: 46/81 MP: 14/14
  7077 | Temple   | Entered the Ecumenical Temple
  7230 | D:7      | Found a shadowy altar of Dithmenos.
  7917 | D:8      | Found a deep blue altar of Sif Muna.
  7946 | D:8      | Found a sacrificial altar of Ru.
  8611 | D:8      | Found Gozag's Platinum Reserve.
  8768 | D:8      | Reached skill level 5 in Stealth
  8768 | D:8      | Reached XP level 10. HP: 37/91 MP: 1/15
  8904 | D:8      | Identified Sif Muna's Disquisition on Evil Transformation
  8912 | D:8      | Learned a level 6 spell: Statue Form
  9219 | D:8      | Reached skill level 1 in Transmutations
  9683 | D:7      | Became a worshipper of Dithmenos the Shadowed
 10693 | D:8      | Found a staircase to the Lair.
 10805 | D:8      | Reached * piety under Dithmenos
 11132 | D:8      | Noticed a hill giant
 11463 | D:8      | Killed a hill giant
 11463 | D:8      | Reached skill level 5 in Fighting
 11541 | D:8      | Noticed a cyclops
 11547 | D:8      | Killed a cyclops
 11547 | D:8      | Reached XP level 11. HP: 65/104 MP: 1/16
 11896 | D:8      | Noticed a purple ugly thing
 11908 | D:8      | Killed a purple ugly thing
 11908 | D:8      | Reached skill level 11 in Earth Magic
 12225 | D:8      | Found an opulent altar of Gozag.
 12357 | D:9      | Noticed Maurice
 12367 | D:9      | Killed Maurice
 12847 | D:9      | Reached ** piety under Dithmenos
 12868 | D:9      | Reached skill level 1 in Axes
 13246 | D:9      | Found a blossoming altar of Fedhas.
 13462 | D:10     | Entered Level 10 of the Dungeon
 13602 | D:10     | Found Cylikuorchy's Distillery.
 13636 | D:10     | Bought a potion of mutation for 30 gold pieces
 13636 | D:10     | Bought 2 potions of mutation for 60 gold pieces
 13636 | D:10     | Bought a potion of mutation for 30 gold pieces
 13636 | D:10     | Gained mutation: You can translocate small distances at will. [potion of mutation]
 13636 | D:10     | Gained mutation: You have a somewhat thin skeletal structure (Dex +2, Stealth). [potion of mutation]
 13637 | D:10     | Gained mutation: You are robust (+10% HP). [potion of mutation]
 13637 | D:10     | Gained mutation: You are partially covered in rugged brown scales (AC +1, +3% HP). [potion of mutation]
 13637 | D:10     | Gained mutation: Your magical capacity is low (-10% MP). [potion of mutation]
 13638 | D:10     | Lost mutation: You expend magic power (3 MP) to strengthen your wands. [potion of mutation]
 13638 | D:10     | Lost mutation: You have sharp toenails. [potion of mutation]
 13639 | D:10     | Gained mutation: Armour fits poorly on your strangely shaped body. [potion of mutation]
 13759 | D:10     | Found Ypoa's Magic Scroll Shoppe.
 13911 | D:7      | Reached skill level 5 in Transmutations
 13943 | D:6      | Bought the ring "Zuopuawk" {rPois rC+ MP+9 Str+3} for 425 gold pieces
 14394 | D:10     | Found Voguxtoc's Antique Weapon Shop.
 14421 | D:10     | Found a large runed door.
 14421 | D:10     | Found a large runed door.
 14518 | D:10     | Found Irie's Magic Scroll Shop.
 14534 | D:10     | Noticed a hill giant
 14541 | D:10     | Killed a hill giant
 14597 | D:10     | Learned a level 2 spell: Shroud of Golubria
 14897 | D:10     | Noticed a hill giant
 14924 | D:10     | Killed a hill giant
 14924 | D:10     | Reached XP level 12. HP: 67/133 MP: 6/15
 15391 | Lair:1   | Entered Level 1 of the Lair of Beasts
 16575 | Lair:1   | Reached *** piety under Dithmenos
 16585 | Lair:1   | Noticed a six-headed hydra
 16701 | Lair:1   | Upgraded the game from 0.18-a0-1748-g7377c14 to 0.18-a0-1764-gf4ddf0b
 16705 | Lair:1   | Killed a six-headed hydra
 16791 | Lair:1   | Lost mutation: Armour fits poorly on your strangely shaped body. [potion of mutation]
 16791 | Lair:1   | Gained mutation: Your spells are a little harder to cast, but a little more powerful. [potion of mutation]
 16791 | Lair:1   | Gained mutation: You have sharp toenails. [potion of mutation]
 16792 | Lair:1   | Lost mutation: Your magical capacity is low (-10% MP). [potion of mutation]
 17003 | Lair:1   | Noticed an eight-headed hydra
 17080 | Lair:1   | Killed an eight-headed hydra
 17080 | Lair:1   | Reached skill level 12 in Earth Magic
 18095 | Lair:2   | Gained mutation: You regenerate slowly when monsters are visible. [potion of mutation]
 18448 | Lair:2   | Learned a level 2 spell: Blink
 18671 | Lair:2   | Reached **** piety under Dithmenos
 19071 | Lair:2   | Reached XP level 13. HP: 130/140 MP: 18/18
 19626 | Lair:3   | Reached skill level 5 in Dodging
 19655 | Lair:3   | Noticed Nergalle
 19757 | Lair:3   | Found a hole to the Spider Nest.
 19914 | Lair:3   | Killed Nergalle
 19916 | Lair:3   | Got a bloodstained flail {flame}
 19917 | Lair:3   | Identified the +6 flail of Fear {flame, rF+} (You took it off Nergalle on level 3 of the Lair of Beasts)
 21597 | Lair:4   | Noticed Harold
 21705 | Lair:4   | Killed Harold
 21954 | Lair:4   | Reached ***** piety under Dithmenos
 22103 | Lair:4   | Reached skill level 13 in Earth Magic
 22233 | Lair:5   | Noticed Nessos
 22238 | Lair:5   | Killed Nessos
 22393 | Lair:5   | Reached XP level 14. HP: 124/150 MP: 19/19
 22436 | Lair:5   | HP: 9/195 [blink frog (9)]
 22436 | Lair:5   | Slain by a blink frog

Vault maps used:
D:1:      shiori_shiawase, minmay_unequal
D:2:      xom_teletrap_fun, uniq_natasha
D:4:      grunt_pakellas_sulfur
D:5:      nicolae_overflow_hidden_temple, first_bread, okawaru_ov_weapons_minmay
D:6:      overflow_temple_1_default, serial_shops, shop
D:7:      makhleb_heckhound_becter, grunt_dithmenos_smoke,
          minmay_temple_entry_hall, uniq_menkaure
D:8:      hangedman_cross_veins, minitemple, nicolae_gozag_zags_fifth_avenue,
          minmay_lair_entry_grove
D:9:      fedhas_altar_1, uniq_maurice
D:10:     serial_shops, shop, shop, kennysheep_mini, shop, blue_anna_alchemist,
          stair_cage_line, lightli_elemental_guards
Temple:   nicolae_temple_no_exploring_needed
Lair:1:   grunt_megastairs_1, serial_bayou_shore_b, serial_bayou_shore_a
Lair:2:   statuecave_lemuel, minivault_26, serial_bayou_pond_b
Lair:3:   nicolae_spider_entry_orb_guardian, lemuel_fruit_fields,
          grunt_megastairs_4, uniq_nergalle
Lair:4:   special_room, lemuel_fruit_tree, uniq_harold
Lair:5:   serial_bayou_pond_b, uniq_nessos

Skill      XL: |  1  2  3  4  5  6  7  8  9 10 11 12 13 |
---------------+----------------------------------------+-----
Fighting       | 1 2 3 5 7 |  7.4
Earth Magic    | 1 2 9 10 11 12 13 | 13.1
Conjurations   | 1 2 3 4 |  4.2
Stealth        | 2 3 5 |  5.1
Transmutations | 3 5 7 8 |  8.8
Axes           | 2 |  2.1
Dodging        | 4 7 |  7.3
Polearms       | |  3.0
Shields        | |  1.0
Spellcasting   | |  3.6

Action                   |  1- 3 |  4- 6 |  7- 9 | 10-12 | 13-15 || total
-------------------------+-------+-------+-------+-------+-------++-------
Melee: Spear             |    85 |   199 |    65 |       |       ||   349
       Quarterstaff      |       |       |   117 |       |       ||   117
       Kick              |       |       |    24 |    45 |    35 ||   104
       War axe           |       |       |    64 |   162 |    76 ||   302
       Giant spiked club |       |       |       |    55 |    40 ||    95
       Staff             |       |       |       |    26 |     2 ||    28
Throw: Stone             |       |     1 |       |       |       ||     1
 Cast: Sandblast         |       |     9 |    24 |     1 |       ||    34
       Stone Arrow       |       |     2 |    72 |   335 |   164 ||   573
       Statue Form       |       |       |       |     1 |     5 ||     6
       Shroud of Golubri |       |       |       |     1 |       ||     1
Evoke: Club              |       |       |       |     9 |    12 ||    21
  Use: Potion            |     3 |     4 |     3 |    12 |     2 ||    24
       Scroll            |       |     6 |    11 |     9 |     2 ||    28
 Stab: Sleeping          |     6 |     8 |     7 |     6 |       ||    27
       Distracted        |       |       |       |     2 |       ||     2
  Eat: Chunk             |       |    10 |    25 |    71 |    19 ||   125
       Beef jerky        |       |       |     1 |       |       ||     1
       Pizza             |       |       |       |     1 |       ||     1
Armor: Robe              |    13 |    26 |    84 |   111 |       ||   234
       Ice dragon armour |       |       |       |    20 |     4 ||    24
       Skin              |       |       |       |    16 |   219 ||   235
       Steam dragon armo |       |       |       |       |    50 ||    50
Dodge: Dodged            |    21 |   118 |   196 |   273 |   307 ||   915
